 Dungeon Crawl Stone Soup version 0.30-a0-802-gb92711bcdf (webtiles) character file.

Game seed: 5505875338650312659

2231 Nick1 the Covert (level 9, -3/39 HPs)
             Began as a Spriggan Enchanter on Feb 24, 2023.
             Was an Initiate of Ashenzari.
             Slain by an orc warrior
             ... wielding a +0 halberd
              (10 damage)
             ... in a bailey.
             The game lasted 00:32:49 (4671 turns).

Nick1 the Covert (Spriggan Enchanter)               Turns: 4671, Time: 00:32:50

Health: -3/39      AC:  4    Str:  3    XL:     9   Next: 14%
Magic:  7/19       EV: 25    Int: 26    God:    Ashenzari [......]
Gold:   271        SH:  0    Dex: 19    Spells: 11/20 levels left

rFire   . . .      SeeInvis +    w - +2 dagger (drain)
rCold   . . .      Faith    .    (no shield)
rNeg    . . .      Spirit   .    b - +0 robe
rPois   .          Reflect  .    m - +2 hat
rElec   .          Harm     .    (no cloak)
rCorr   .          Rampage  .    (gloves unavailable)
Will    +....                    (boots unavailable)
Stlth   +++++                    (no amulet)
HPRegen 0.26/turn                g - +5 ring of evasion
MPRegen 0.16/turn                y - +6 ring of intelligence

@: invisible, very quick
A: very small, no large weapons, unfitting armour, see invisible, speed 3,
clever 1, frail 1
a: Renounce Religion, Curse Item


You were in a bailey.
You worshipped Ashenzari.
Ashenzari was noncommittal.
You visited 1 branch of the dungeon, and saw 7 of its levels.
You also visited: Bailey.

You collected 271 gold pieces.

Inventory:

Hand Weapons
 a - a +1 dagger
 q - a +1 dagger of freezing
 w - a +2 dagger of draining (weapon)
 C - a +3 falchion
Missiles
 e - 2 throwing nets (quivered)
Armour
 b - a +0 robe (worn)
 f - an orb of energy
 m - a +2 hat (worn)
Jewellery
 g - a +5 ring of evasion (left hand)
 n - a ring of fire
 u - a ring of poison resistance
 x - a ring of magical power
 y - a +6 ring of intelligence (right hand)
Wands
 v - a wand of digging (6)
 B - a wand of flame (22)
Scrolls
 j - 2 scrolls of magic mapping {unknown}
 o - a scroll of noise {unknown}
 s - 4 scrolls of enchant weapon
 t - a scroll of teleportation {unknown}
 z - a scroll of blinking {unknown}
Potions
 c - a potion of invisibility
 d - 2 potions of haste {unknown}
 h - a potion of mutation
 i - 6 potions of curing
 k - a potion of magic {unknown}
 l - 4 potions of attraction
 p - 2 potions of brilliance {unknown}
 r - a potion of might {unknown}
 A - 2 potions of resistance


   Skills:
 * Level 3.1 Fighting
 * Level 4.9 Short Blades
 * Level 5.7 Dodging
 * Level 11.0 Stealth
 * Level 6.0 Spellcasting
 * Level 7.0 Hexes
 + Level 1.8 Ice Magic


You had 11 spell levels left.
You knew the following spells:

 Your Spells              Type           Power      Damage    Failure   Level
a - Ensorcelled Hibernat  Hex/Ice        60%        N/A       1%          2
b - Slow                  Hex            100%       N/A       1%          1
c - Confusing Touch       Hex            44%        N/A       1%          3
d - Tukima's Dance        Hex            44%        N/A       1%          3

Your spell library contained the following spells:

 Spells                   Type           Power      Damage    Failure   Level
 Dazzling Flash           Conj/Hex       52%        N/A       4%          3
 Cigotuvi's Dreadful Rot  Necr/Pois/Air  14%        N/A       11%         2
 Poisonous Vapours        Pois/Air       14%        N/A       11%         2
 Mephitic Cloud           Conj/Pois/Air  7%         N/A       21%         3
 Vampiric Draining        Necr           7%         2d6       21%         3


Dungeon Overview and Level Annotations

Branches:
Dungeon (7/15)             Temple (0/1) D:5          Bailey (1/1)

Altars:
Ashenzari
Makhleb
Ru
Sif Muna
Trog
Vehumet


Innate Abilities, Weirdness & Mutations

You are very small and have problems with some larger weapons.
You are too small for most types of armour.
You have supernaturally acute eyesight. (SInv)
You cover ground extremely quickly. (Speed+++)
Your mind is acute. (Int +4, Str/Dex -1)
You are frail. (-10% HP)


Message History

Press: ? - help, Shift-Dir - straight line, f/p - centaur
Aim: a centaur, wielding a +0 spear, wearing a +0 ring mail and quivering javelins (moderately wounded, heavily drained, chance to affect: 68%)
The centaur struggles to resist.
The centaur completely misses you. The centaur closely misses you.
The orc closely misses you.
An orc warrior comes into view. It is wielding a +0 halberd.
The centaur closely misses you. The centaur misses you.
The orc warrior shouts!
You hit the centaur but do no damage. You drain the centaur.
The centaur is heavily wounded.
You hear a shout!
The orc closely misses you. The centaur hits you with a +0 spear.
* * * LOW HITPOINT WARNING * * *
The centaur misses you.
You barely miss the centaur.
The centaur is heavily wounded.
The centaur completely misses you. x2; The orc completely misses you.
You hit the centaur.
The centaur is severely wounded.
The centaur completely misses you. The centaur barely misses you.
The orc closely misses you.
You hit the centaur but do no damage.
The centaur is severely wounded.
The centaur closely misses you. The centaur misses you.
The centaur completely misses you. The centaur barely misses you.
The orc misses you.
You fade into invisibility!
The centaur completely misses you. x2; The orc closely misses you.
You catch the helpless centaur completely off-guard!
You impale the centaur!!
You kill the centaur!
Your Hexes skill increases to level 7!
You hit the orc but do no damage. The orc completely misses you.
The orc warrior misses you.
You barely miss the orc. The orc hits you with a +0 spear.
* * * LOW HITPOINT WARNING * * *
The orc warrior misses you.
You closely miss the orc.
An orc comes into view. It is wielding a +0 trident.
The orc warrior hits you from afar with a +0 halberd!
You die...

######≈≈⌠$...$⌠≈≈#
##$#≈≈≈≈.........≈≈
##..#......≈≈≈≈≈o...
#≈..#.....≈≈...≈≈...
#≈..+..≈)≈≈.≈.≈)≈≈c≈
#≈..#.≈≈.≈o≈≈.≈≈.≈.≈
#≈..#.≈o≈≈.≈...≈.≈≈.
#≈..#.≈.≈o≈≈...≈≈.≈.
#≈o@#.≈.≈c≈.⌠∩⌠.≈)≈.
#≈..#.≈o≈.≈..∩..≈.≈c
#≈.o#.≈.≈.≈.⌠∩⌠.≈.≈.
#≈..#.≈.≈.≈≈...≈≈.≈o
#≈..#.≈o≈≈.≈...≈.≈≈o
#≈..#.≈≈)≈.≈≈≈≈≈.≈.≈
#≈..##.≈.≈≈.....≈≈.≈
#≈..o#.≈≈.≈≈≈.≈≈≈.≈≈
#..≈≈..≈.≈..≈≈.


You could see an orc warrior (unable to see you) and 2 orcs.

Vanquished Creatures
  A gargoyle (D:6)
  A wyvern (D:7)
  A steam dragon (D:6)
  Eustachio (D:6)
  2 water moccasins (D:7)
  2 ogres
  2 centaurs
  A bullfrog (D:7)
  3 scorpions
  2 necrophages
  2 hounds (D:6)
  A jelly (D:5)
  3 orc priests
  6 iguanas
  5 orc wizards
  3 gnolls (D:3)
  6 adders
  A shadow imp (D:5)
  A white imp (D:6)
  15 orcs
  2 ball pythons
  7 endoplasms
  3 goblins
  11 hobgoblins
  4 kobolds
  A quokka (D:5)
  4 bats
  4 frilled lizards
  3 rats
98 creatures vanquished.

Vanquished Creatures (others)
  A fungus (D:6)
  2 plants (D:6)
3 creatures vanquished.

Grand Total: 101 creatures vanquished

Notes
Turn   | Place    | Note
-------+----------+-------------------------------------------
     0 | D:1      | Nick1 the Spriggan Enchanter began the quest for the Orb.
     0 | D:1      | Reached XP level 1. HP: 9/9 MP: 5/5
   259 | D:1      | Reached XP level 2. HP: 13/13 MP: 6/6
   262 | D:1      | Learned a level 2 spell: Ensorcelled Hibernation
   737 | D:2      | Identified the +4 sling "Vebeozxen" {heavy, rF+ Dex+4}
  1117 | D:2      | Reached XP level 3. HP: 17/17 MP: 8/8
  1390 | D:3      | Learned a level 1 spell: Slow
  1478 | D:3      | Found a radiant altar of Vehumet.
  1552 | D:3      | Found a shimmering blue altar of Sif Muna.
  1587 | D:3      | Reached skill level 5 in Stealth
  1747 | D:3      | Reached skill level 1 in Fighting
  1747 | D:3      | Reached XP level 4. HP: 17/22 MP: 2/9
  1768 | D:3      | Found a burning altar of Makhleb.
  2037 | D:3      | Gained mutation: Your mind is acute. (Int +4, Str/Dex -1)
                  | [potion of mutation]
  2037 | D:3      | Gained mutation: You are frail. (-10% HP) [potion of
                  | mutation]
  2127 | D:3      | Reached XP level 5. HP: 16/22 MP: 8/11
  2281 | D:4      | Reached skill level 6 in Stealth
  2396 | D:4      | Reached XP level 6. HP: 27/27 MP: 12/12
  2493 | D:4      | Identified the +7 spear of Mastery {freeze, rN++ Dex+3}
  2647 | D:4      | Found a broken altar of Ashenzari.
  2690 | D:4      | Became a worshipper of Ashenzari the Shackled
  2893 | D:5      | Entered Level 5 of the Dungeon
  2912 | D:5      | Found a staircase to the Ecumenical Temple.
  2972 | D:5      | Found a bloodstained altar of Trog.
  3132 | D:5      | Reached skill level 7 in Stealth
  3136 | D:5      | Reached XP level 7. HP: 30/30 MP: 10/14
  3208 | D:5      | Learned a level 3 spell: Confusing Touch
  3212 | D:5      | Learned a level 3 spell: Tukima's Dance
  3407 | D:5      | You fall into a shaft and drop 1 floor!
  3415 | D:6      | Reached skill level 5 in Hexes
  3518 | D:5      | Reached skill level 8 in Stealth
  3579 | D:6      | Noticed a gargoyle
  3638 | D:6      | Noticed a steam dragon
  3639 | D:6      | Killed a steam dragon
  3640 | D:6      | Reached skill level 1 in Ice Magic
  3682 | D:6      | Noticed Eustachio
  3689 | D:6      | Killed Eustachio
  3690 | D:6      | Reached skill level 9 in Stealth
  3759 | D:6      | Reached XP level 8. HP: 34/35 MP: 7/15
  4023 | D:6      | Reached skill level 5 in Dodging
  4091 | D:6      | Reached skill level 5 in Spellcasting
  4162 | D:6      | Reached skill level 10 in Stealth
  4337 | D:6      | Found a sacrificial altar of Ru.
  4419 | D:6      | Killed a gargoyle
  4563 | D:7      | Reached XP level 9. HP: 39/39 MP: 13/18
  4567 | D:7      | Reached skill level 11 in Stealth
  4581 | D:7      | Found a flagged portal.
  4590 | Bailey   | Entered a bailey
  4671 | Bailey   | Slain by an orc warrior

Illustrated notes

Levels and vault maps discovered:
D:1:      minmay_arrival_stair_chambers, layout_loops_ring
D:2:      layout_basic, nicolae_underground_beach
D:3:      layout_basic, lemuel_tele_altar, fiery_altar_vehumet,
          mainiacjoe_overflow_alcove_4, chequers_decorated_corner, minmay_cupped
D:4:      layout_cave_pools, ashenzari_conservatory_becter
D:5:      layout_basic, trog_three_pillars_becter,
          minmay_temple_entry_statues_pillars
D:6:      layout_cave_pools, nicolae_ru_the_path_less_chosen, uniq_eustachio
D:7:      layout_loops_cross, nicolae_dithmenos_the_darkroom, enter_bailey_1,
          grunt_ministairs_5, kennysheep_cross_bottleneck
Bailey:   bailey_polearm_flooded_kennysheep, bailey

Skill      XL: |  1  2  3  4  5  6  7  8  9 |
---------------+----------------------------+-----
Hexes          | 4 5 6 7 |  7.0
Dodging        | 3 4 5 |  5.7
Stealth        | 5 6 7 9 10 11 | 11.0
Spellcasting   | 3 4 5 6 |  6.0
Fighting       | 1 2 3 |  3.1
Short Blades   | 2 3 4 |  4.9
Ice Magic      | 1 |  1.8

Action                     |  1- 3 |  4- 6 |  7- 9 || total
---------------------------+-------+-------+-------++-------
  Melee: Dagger            |    69 |    85 |   117 ||   271
         Punch             |     1 |       |       ||     1
   Cast: Ensorcelled Hiber |    13 |    19 |    37 ||    69
         Slow              |     2 |       |       ||     2
         Confusing Touch   |       |       |     8 ||     8
  Evoke: Wand              |       |       |     1 ||     1
    Use: Scroll            |       |     4 |     2 ||     6
         Potion            |       |     1 |     1 ||     2
   Stab: Sleeping          |    20 |    18 |    26 ||    64
         Distracted        |     1 |       |       ||     1
         Confused          |       |       |     4 ||     4
         Invisible         |       |       |     1 ||     1
 Armour: Robe              |     3 |     9 |     5 ||    17
  Dodge: Dodged            |    38 |    85 |   117 ||   240

Table legend: (Time is in decaauts)
 A = Elapsed time spent in this place.
 B = Non-inter-level travel time spent in this place.
 C = Inter-level travel time spent in this place.
 D = Time resting spent in this place.
 E = Time spent auto-exploring this place.
 F = Levels seen in this place.
 G = Mean time per level.
                   A        B        C        D        E       F      G
               +--------+--------+--------+--------+--------+-----+--------+
         Total |   3290 |   3115 |    175 |      4 |   2126 |   8 |  411.2 |
       Dungeon |   3232 |   3057 |    175 |      4 |   2126 |   7 |  461.7 |
        Bailey |     58 |     58 |      0 |      0 |      0 |   1 |   58.0 |
               +--------+--------+--------+--------+--------+-----+--------+

Top non-repeatable levels by time:
     D:6: 704 daAuts
     D:3: 574 daAuts
     D:5: 528 daAuts
     D:4: 517 daAuts
     D:1: 463 daAuts
     D:2: 413 daAuts
  Bailey: 58 daAuts
     D:7: 31 daAuts
